 Dungeon Crawl Stone Soup version 0.28-a0-906-g0406aca7d3 (webtiles) character file.

Game seed: 17644400582031533569

13972 mcsnuffy the Prestidigitator (level 12, 65/65 HPs)
             Began as a Vine Stalker Brigand on Nov 23, 2021.
             Was an Initiate of Gozag.
             Quit the game on level 2 of the Lair of Beasts.
             The game lasted 01:17:12 (13339 turns).

mcsnuffy the Prestidigitator (VSBr)                Turns: 13339, Time: 01:17:14

Health: 65/65      AC: 13    Str: 20    XL:     12   Next: 11%
Magic:  13/13      EV:  9    Int: 13    God:    Gozag
Gold:   2162       SH:  5    Dex: 17    Spells: 11/11 levels left

rFire   . . .      SeeInvis .   H - +2 scimitar
rCold   . . .      Faith    .   (no shield)
rNeg    . . .      Spirit   +   u - +3 plate armour of the Hills {rElec Will++}
rPois   +          Reflect  +   (no helmet)
rElec   +          Harm     .   C - +0 cloak
rCorr   .          Rampage  .   s - +0 pair of gloves
Will    +++..                   (no boots)
Stlth   ..........              y - amulet of reflection
HPRegen 1.20/turn               Z - ring of wizardry
MPRegen 0.13/turn               P - ring of poison resistance

@: no status effects
A: fangs 3, regeneration 1, magic shield, antimagic bite, no potion heal 2,
claws 1, talons 1, clever 1, deformed body, strong 1
a: Renounce Religion, Potion Petition, Call Merchant, Bribe Branch


You were on level 2 of the Lair of Beasts.
You worshipped Gozag.
Gozag was most pleased with you.
You visited 3 branches of the dungeon, and saw 13 of its levels.

You collected 2204 gold pieces.
You paid 42 gold pieces to Gozag.


Innate Abilities, Weirdness & Mutations

You have razor-sharp teeth.
Your natural rate of healing is unusually fast.
When hurt, damage is shared between your health and your magic reserves.
Your bite disrupts and absorbs the magic of your enemies.
Potions cannot restore your health.
You have sharp fingernails.
You have sharp toenails.
Your mind is acute. (Int +2)
Armour fits poorly on your strangely shaped body.
Your muscles are strong. (Str +2)


   Skills:
 - Level 8.9 Fighting
 - Level 3.0(4.4) Short Blades
 + Level 5.0(5.4) Long Blades
 - Level 4.0 Throwing
 - Level 7.0 Armour
 - Level 6.0 Dodging
 - Level 6.0 Stealth
 - Level 2.0 Ice Magic
 - Level 9.0 Evocations


You had 11 spell levels left.
You didn't know any spells.
Your spell library contained the following spells:

 Spells                   Type           Power      Damage    Failure   Level
 Magic Dart               Conj           0%         1d3       92%         1
 Call Imp                 Summ           0%         N/A       98%         2
 Conjure Flame            Conj/Fire      0%         6-21      100%        3
 Ignite Poison            Fire/Tmut/Pois 0%         N/A       100%        3
 Mephitic Cloud           Conj/Pois/Air  0%         N/A       100%        3
 Sticky Flame             Conj/Fire      0%         2d3       100%        4

Inventory:

Hand Weapons
 a - a +3 dagger
 v - a +2 short sword of venom
 G - a +1 dagger of speed
 H - a +2 scimitar (weapon)
Missiles
 d - 50 poisoned darts (quivered)
 e - 3 curare-tipped darts {=f}
 Q - 5 atropa-tipped darts
Armour
 h - a +0 ring mail of fire resistance
 s - a +0 pair of gloves (worn)
 u - the +3 plate armour of the Hills (worn) {rElec Will++}
   (You found it on level 5 of the Dungeon)

   rElec:     It insulates you from electricity.
   Will:      It greatly increases your willpower.
 C - a +0 cloak (worn)
Magical Staves
 m - a staff of cold {!a}
 x - a staff of fire {!a}
Jewellery
 c - a ring of ice
 y - an amulet of reflection (around neck)
 E - a +4 ring of evasion
 P - a ring of poison resistance (right hand)
 Z - a ring of wizardry (left hand)
Wands
 q - a wand of flame (7)
 w - a wand of polymorph (1)
 L - a wand of iceblast (12)
 O - a wand of acid (12)
 R - a wand of paralysis (17)
Scrolls
 f - 2 scrolls of immolation
 g - 5 scrolls of teleportation {@r2}
 i - 2 scrolls of summoning {unknown}
 j - a scroll of amnesia {unknown}
 k - 2 scrolls of enchant weapon
 o - 5 scrolls of magic mapping
 r - a scroll of fear {unknown}
 t - a scroll of noise {unknown}
 A - 2 scrolls of fog
 B - a scroll of blinking
 I - a scroll of brand weapon {unknown}
Potions
 b - 3 potions of resistance
 l - a potion of cancellation {unknown}
 n - 2 potions of might
 p - 2 potions of attraction {unknown}
 z - 3 potions of curing {@q1}
 D - a potion of flight {unknown}
 F - a potion of berserk rage {unknown}
 K - a potion of degeneration {unknown}
 M - a potion of lignification
Miscellaneous
 N - a piece from Xom's chessboard (15/15)

Dungeon Overview and Level Annotations

Branches:
Dungeon (10/15)            Temple (1/1) D:4            Lair (2/6) D:8
  Snake (0/4) Lair:2
  Swamp: Lair:2-4    Shoals: Lair:2-4       Orc: D:9-12

Altars:
Cheibriados
Dithmenos
Elyvilon
Gozag
Hepliaklqana
Kikubaaqudgha
Okawaru
Qazlal
Sif Muna
Trog
Uskayaw
Wu Jian
Yredelemnul
Zin
The Shining One

Shops:
D:5

*
##.....................
#......................
##..$......l.....(.....
#...........##########.
##......##P#.#
#P....$.######
#.......# ##......#
#....@.# #......#
#......# #......#
#......# ##......##
#.......P# ##.......#
##^.....##


There were no monsters in sight!


Message History

Found 21 sling bullets.
A komodo dragon comes into view.
The komodo dragon hisses angrily.
You closely miss the komodo dragon. Your kick misses the komodo dragon.
The komodo dragon barely misses you.
You hit the komodo dragon.
You claw the komodo dragon, but do no damage.
The komodo dragon is lightly wounded.
The komodo dragon bites you!!
You slash the komodo dragon! You claw the komodo dragon.
You bite the komodo dragon. You drain its power.
You feel invigorated.
The komodo dragon is heavily wounded.
The komodo dragon bites you!! The komodo dragon bites you!
* * * LOW HITPOINT WARNING * * *
Aiming: Paralyse
Press: ? - help, Shift-Dir - straight line, f - komodo dragon
Aim: a komodo dragon (heavily wounded, chance to affect: 53%)
The komodo dragon suddenly stops moving!
The helpless komodo dragon fails to defend itself.
You slash the komodo dragon!
The komodo dragon is severely wounded.
The helpless komodo dragon fails to defend itself.
You slash the komodo dragon!
You kill the komodo dragon!
Your Long Blades skill increases to level 5!
You start resting.
HP restored.
Magic restored.
Char dumped successfully.
Are you sure you want to abandon this character and quit the game? (Confirm with "yes".)

Skill      XL: |  1  2  3  4  5  6  7  8  9 10 11 12 |
---------------+-------------------------------------+-----
Fighting       | 2 3 5 7 8 |  8.9
Dodging        | 1 2 3 5 6 |  6.0
Stealth        | 5 6 |  6.0
Evocations     | 1 2 3 4 5 8 9 |  9.0
Ice Magic      | 2 |  2.0
Short Blades   | 2 3 |  3.0
Armour         | 5 6 7 |  7.0
Throwing       | 3 4 |  4.0
Long Blades    | 4 5 |  5.0

Action                   |  1- 3 |  4- 6 |  7- 9 | 10-12 || total
-------------------------+-------+-------+-------+-------++-------
Melee: Dagger            |   112 |    42 |    48 |   126 ||   328
       Bite              |    26 |    11 |   145 |   231 ||   413
       Short sword       |       |    31 |   330 |   470 ||   831
       Scimitar          |       |       |    17 |    16 ||    33
       Kick              |       |       |       |    80 ||    80
Throw: Dart              |     9 |     2 |    42 |    22 ||    75
Evoke: Wand              |       |     8 |    27 |    37 ||    72
  Use: Potion            |       |     2 |     1 |     5 ||     8
       Scroll            |       |     1 |     2 |     4 ||     7
 Stab: Sleeping          |     4 |    10 |     1 |       ||    15
       Distracted        |       |       |     1 |     4 ||     5
       Paralysed         |       |       |       |    11 ||    11
Armor: Robe              |    13 |     9 |     3 |       ||    25
       Skin              |       |    12 |    11 |       ||    23
       Leather armour    |       |       |     6 |       ||     6
       Plate armour      |       |       |   174 |   278 ||   452
Dodge: Dodged            |    45 |    32 |    89 |   181 ||   347
Block: Other             |       |       |    53 |   123 ||   176
       Reflection        |       |       |       |     3 ||     3

Levels and vault maps discovered:
D:1:      saegor_arrival_simple_e, layout_basic,
          hellmonk_ecumenical_altar_run_dry
D:2:      layout_basic, kennysheep_small_spiral, supply_closet_lemuel
D:3:      layout_loops_ring, uniq_grinder, uniq_ijyb
D:4:      layout_gridville, nicolae_dithmenos_through_a_glass_darkly,
          minmay_temple_entry_butterflies, uniq_menkaure, uniq_duvessa
D:5:      layout_basic, mainiacjoe_overflow_catwalk, guppyfry_shop_venom
D:6:      layout_loops_cross, lemuel_doored_altar, mainiacjoe_overflow_alcove_1,
          hangedman_decor_push
D:7:      layout_basic, nicolae_wu_jian_wuxing_cycle, amcnicky_altar_gilded,
          lemuel_flame_loot_1
D:8:      layout_loops_cross, lemuel_round_altar, minmay_lair_entry_grove,
          kennysheep_generic_room_13
D:9:      layout_irregular_city, chequers_serial_rivers_micro_e
D:10:     layout_loops_corners, overflow_temple_1_default
Temple:   eino_temple_water
Lair:1:   layout_roguey
Lair:2:   beast_lair_carwin_large_1, layout_big_grid

Notes
Turn   | Place    | Note
-------+----------+-------------------------------------------
     0 | D:1      | mcsnuffy the Vine Stalker Brigand began the quest for the
                  | Orb.
     0 | D:1      | Reached XP level 1. HP: 11/11 MP: 2/2
    60 | D:1      | Reached skill level 2 in Fighting
   222 | D:1      | Reached XP level 2. HP: 11/16 MP: 3/3
   700 | D:1      | Found a faded altar of an unknown god.
   844 | D:1      | Reached skill level 3 in Fighting
   931 | D:1      | Reached skill level 1 in Dodging
   931 | D:1      | Reached XP level 3. HP: 16/20 MP: 2/4
  1540 | D:2      | Reached skill level 5 in Stealth
  2116 | D:2      | Gained mutation: Your natural rate of healing is unusually
                  | fast. [Vine Stalker growth]
  2116 | D:2      | Reached XP level 4. HP: 24/24 MP: 5/5
  2684 | D:3      | Reached skill level 2 in Dodging
  2879 | D:3      | Noticed a water moccasin
  2927 | D:3      | Killed a water moccasin
  2928 | D:3      | Reached skill level 6 in Stealth
  2928 | D:3      | Reached skill level 1 in Evocations
  2928 | D:3      | Reached XP level 5. HP: 24/28 MP: 4/6
  3078 | D:3      | Noticed Ijyb
  3082 | D:3      | Killed Ijyb
  3145 | D:3      | Reached skill level 2 in Evocations
  3145 | D:3      | Reached XP level 6. HP: 26/32 MP: 7/7
  3160 | D:3      | You fall into a shaft and drop 1 floor!
  3168 | D:4      | Noticed Menkaure
  3258 | D:4      | Reached skill level 3 in Dodging
  3291 | D:4      | Found a staircase to the Ecumenical Temple.
  3296 | Temple   | Entered the Ecumenical Temple
  3313 | Temple   | Became a worshipper of Gozag Ym Sagoz the Greedy
  3543 | D:3      | Noticed Grinder
  3543 | D:3      | Paralysed by Grinder for 6 turns
  3558 | D:3      | Killed Grinder
  3559 | D:3      | Reached skill level 3 in Evocations
  3559 | D:3      | Reached skill level 2 in Ice Magic
  3559 | D:3      | Reached XP level 7. HP: 37/37 MP: 8/8
  3950 | D:4      | Reached skill level 4 in Fighting
  4029 | D:4      | Noticed Dowan
  4237 | D:4      | Found a shadowy altar of Dithmenos.
  4435 | D:5      | Entered Level 5 of the Dungeon
  4474 | D:3      | Identified 2 potions of resistance
  4546 | D:5      | Found a bloodstained altar of Trog.
  4706 | D:5      | Reached skill level 5 in Fighting
  4706 | D:5      | Reached skill level 2 in Short Blades
  4806 | D:5      | Identified the +3 plate armour of the Hills {rElec Will++}
  4830 | D:5      | Gained mutation: You have razor-sharp teeth. [Vine Stalker
                  | growth]
  4830 | D:5      | Reached XP level 8. HP: 42/43 MP: 5/9
  4878 | D:5      | Reached skill level 1 in Armour
  4974 | D:5      | Reached skill level 3 in Short Blades
  5158 | D:5      | Reached skill level 4 in Evocations
  5269 | D:5      | Reached skill level 2 in Armour
  5331 | D:5      | Reached skill level 3 in Armour
  5496 | D:5      | Found Leadicix's Serpentskin Sales.
  5516 | D:5      | Reached skill level 4 in Armour
  5986 | D:4      | Noticed Duvessa
  6005 | D:4      | Killed Dowan
  6006 | D:4      | Reached skill level 5 in Armour
  6016 | D:4      | Killed Duvessa
  6017 | D:4      | Reached XP level 9. HP: 28/47 MP: 8/10
  6144 | D:4      | Killed Menkaure
  6145 | D:4      | Reached skill level 4 in Dodging
  6529 | D:6      | Reached skill level 5 in Dodging
  6567 | D:6      | Reached skill level 2 in Throwing
  6873 | D:6      | Found a stormy altar of Qazlal.
  7105 | D:6      | Reached skill level 3 in Throwing
  7308 | D:7      | Found an ornate altar of the Wu Jian Council.
  7363 | D:7      | Found a hazy altar of Hepliaklqana.
  7973 | D:7      | Reached XP level 10. HP: 48/51 MP: 11/11
  7998 | D:7      | Reached skill level 6 in Dodging
  8412 | D:6      | Found a glowing silver altar of Zin.
  8533 | D:8      | Reached skill level 1 in Long Blades
  8533 | D:8      | Reached skill level 4 in Throwing
  8533 | D:8      | Reached skill level 5 in Evocations
  8631 | D:8      | Reached skill level 6 in Fighting
  8700 | D:8      | Reached skill level 2 in Long Blades
  8752 | D:8      | Reached skill level 3 in Long Blades
  8874 | D:8      | Found a staircase to the Lair.
  8906 | D:8      | Reached skill level 7 in Fighting
  9001 | D:8      | Reached skill level 4 in Long Blades
  9004 | D:8      | Noticed a two-headed ogre
  9008 | D:8      | Killed a two-headed ogre
  9186 | D:8      | Found a glowing golden altar of the Shining One.
  9475 | D:9      | Reached skill level 6 in Armour
  9739 | D:9      | Reached XP level 11. HP: 58/58 MP: 12/12
 10373 | D:9      | Reached skill level 6 in Evocations
 10640 | D:10     | Entered Level 10 of the Dungeon
 10640 | D:10     | Found an ancient bone altar of Kikubaaqudgha.
 10888 | Lair:1   | Entered Level 1 of the Lair of Beasts
 11218 | Lair:1   | Reached skill level 7 in Armour
 11642 | Lair:1   | Gained mutation: You are weak. (Str -2) [potion of
                  | mutation]
 11642 | Lair:1   | Gained mutation: You are very weak. (Str -4) [potion of
                  | mutation]
 11642 | Lair:1   | Gained mutation: You are partially covered in iridescent
                  | scales. (AC +2) [potion of mutation]
 11643 | Lair:1   | Lost mutation: You are partially covered in iridescent
                  | scales. (AC +2) [potion of mutation]
 11643 | Lair:1   | Lost mutation: You are very weak. (Str -4) [potion of
                  | mutation]
 11643 | Lair:1   | Gained mutation: Armour fits poorly on your strangely
                  | shaped body. [potion of mutation]
 11643 | Lair:1   | Gained mutation: You have sharp fingernails. [potion of
                  | mutation]
 11643 | Lair:1   | Gained mutation: You have a pair of small horns on your
                  | head. [potion of mutation]
 11643 | Lair:1   | Gained mutation: Your flesh is cold resistant. (rC+)
                  | [potion of mutation]
 11644 | Lair:1   | Lost mutation: You have a pair of small horns on your head.
                  | [potion of mutation]
 11644 | Lair:1   | Lost mutation: Your flesh is cold resistant. (rC+) [potion
                  | of mutation]
 11644 | Lair:1   | Gained mutation: You are agile. (Dex +2) [potion of
                  | mutation]
 11644 | Lair:1   | Gained mutation: You have sharp toenails. [potion of
                  | mutation]
 11645 | Lair:1   | Lost mutation: You are weak. (Str -2) [potion of mutation]
 11645 | Lair:1   | Lost mutation: You are agile. (Dex +2) [potion of mutation]
 11645 | Lair:1   | Gained mutation: Your mind is acute. (Int +2) [potion of
                  | mutation]
 11645 | Lair:1   | Gained mutation: Your muscles are strong. (Str +2) [potion
                  | of mutation]
 11962 | Lair:2   | Found a staircase to the Snake Pit.
 11985 | Lair:2   | Reached skill level 7 in Evocations
 12083 | Lair:2   | Reached skill level 8 in Fighting
 12250 | Lair:2   | Reached skill level 8 in Evocations
 12805 | Lair:2   | Reached XP level 12. HP: 35/65 MP: 7/13
 13043 | Lair:2   | Reached skill level 9 in Evocations
 13275 | Lair:2   | Reached skill level 5 in Long Blades
 13339 | Lair:2   | Quit the game

Vanquished Creatures
  A two-headed ogre (D:8)
  A black mamba (Lair:1)
  4 cane toads
  7 komodo dragons
  Grinder (D:3)
  5 basilisks
  A vampire (D:9)
  A wraith (D:9)
  6 wyverns
  11 yaks
  2 steam dragons (D:9)
  Menkaure (D:4)
  Duvessa (D:4)
  10 water moccasins
  2 black bears (D:8)
  3 orc warriors
  A hornet zombie (D:5)
  A sky beast (D:5)
  9 wolves
  4 centaurs
  2 phantoms
  3 kobold brigands
  5 bullfrogs
  A wyvern zombie (D:8)
  3 scorpions
  A water moccasin zombie (D:6)
  A water moccasin skeleton (D:4)
  Dowan (D:4)
  17 killer bees
  9 wights
  2 bullfrog zombies (D:5)
  2 centaur zombies
  2 hounds
  A jelly (D:7)
  3 orc priests
  9 iguanas
  10 orc wizards
  Ijyb (D:3)
  4 hell rats (Lair:1)
  A killer bee zombie (D:5)
  A howler monkey zombie (D:5)
  3 gnolls (D:5)
  A howler monkey skeleton (D:6)
  9 adders
  2 ufetubi
  A worm (D:3)
  2 dart slugs
  21 orcs
  3 ball pythons
  7 endoplasms
  2 giant cockroaches
  10 goblins
  7 hobgoblins
  2 jackals (D:3)
  4 quokkas
  6 bats
  5 frilled lizards
  21 kobolds
  5 rats
262 creatures vanquished.

Vanquished Creatures (collateral kills)
  2 wolves (Lair:2)
2 creatures vanquished.

Vanquished Creatures (others)
  A wolf (Lair:2)
  10 fungi
  14 plants
25 creatures vanquished.

Grand Total: 289 creatures vanquished

Table legend: (Time is in decaauts)
 A = Elapsed time spent in this place.
 B = Non-inter-level travel time spent in this place.
 C = Inter-level travel time spent in this place.
 D = Time resting spent in this place.
 E = Time spent auto-exploring this place.
 F = Levels seen in this place.
 G = Mean time per level.
                   A        B        C        D        E       F      G
               +--------+--------+--------+--------+--------+-----+--------+
         Total |  13206 |  12381 |    825 |   1506 |   7087 |  13 | 1015.8 |
       Dungeon |  10758 |  10018 |    740 |   1127 |   6114 |  10 | 1075.8 |
        Temple |     38 |     21 |     17 |      0 |      5 |   1 |   38.0 |
          Lair |   2409 |   2342 |     67 |    379 |    968 |   2 | 1204.5 |
               +--------+--------+--------+--------+--------+-----+--------+

Top non-repeatable levels by time:
     D:5: 1464 daAuts
     D:1: 1421 daAuts
  Lair:2: 1259 daAuts
     D:3: 1235 daAuts
     D:2: 1200 daAuts
  Lair:1: 1149 daAuts
     D:7: 1108 daAuts
     D:8: 1099 daAuts
     D:9: 1085 daAuts
     D:4: 1041 daAuts
     D:6: 908 daAuts
    D:10: 193 daAuts
  Temple: 38 daAuts

Table legend:
 A = Non-vault XP
 B = Vault XP
 C = Vault XP percentage of total XP
 D = Non-vault monster count
 E = Vault monster count
 F = Vault count percentage of total count
                 A         B        C        D         E       F
            +---------+---------+-------+---------+---------+-------
      Total |   15761 |    4199 |  21.0 |     234 |      30 |  11.4
            +---------+---------+-------+---------+---------+-------
        D:1 |      46 |       0 |   0.0 |      28 |       0 |   0.0
        D:2 |      46 |       0 |   0.0 |      15 |       0 |   0.0
        D:3 |     289 |     297 |  50.7 |      26 |       2 |   7.1
        D:4 |     268 |     380 |  58.6 |       8 |       3 |  27.3
        D:5 |    1018 |     311 |  23.4 |      31 |       3 |   8.8
        D:6 |    1421 |       0 |   0.0 |      29 |       0 |   0.0
        D:7 |     719 |       0 |   0.0 |      18 |       0 |   0.0
        D:8 |    1644 |    1752 |  51.6 |      17 |      14 |  45.2
        D:9 |    1846 |       0 |   0.0 |      18 |       0 |   0.0
       D:10 |     523 |       0 |   0.0 |       2 |       0 |   0.0
     Lair:1 |    3167 |       0 |   0.0 |      19 |       0 |   0.0
     Lair:2 |    4774 |    1459 |  23.4 |      23 |       8 |  25.8
            +---------+---------+-------+---------+---------+-------
